 Dungeon Crawl Stone Soup version 0.31-a0-691-g409c26aa35 (webtiles) character file.

Game seed: 11752973139468176394

5352 qw the Skirmisher (level 10, -2/64 HPs)
             Began as a Gargoyle Hunter on Sept 6, 2023.
             Was a Priest of Okawaru.
             Slain by a wyvern (5 damage)
             ... on level 9 of the Dungeon.
             The game lasted 00:03:02 (7614 turns).

qw the Skirmisher (Gargoyle Hunter)                 Turns: 7614, Time: 00:03:02

Health: -2/64      AC: 23    Str: 13    XL:     10   Next: 65%
Magic:  12/13      EV: 15    Int: 10    God:    Okawaru [***...]
Gold:   208        SH:  0    Dex: 17    Spells: 9/9 levels left

rFire   . . .        b - +0 arbalest
rCold   . . .        (shield currently unavailable)
rNeg    + . .        n - +2 swamp dragon scales
rPois   inf          k - +0 helmet
rElec   +            d - +0 cloak
rCorr   .            (no gloves)
SInv    .            c - +0 pair of boots
Will    .....        g - amulet of faith
Stlth   +++          (no ring)
HPRegen 0.30/turn    (no ring)
MPRegen 0.13/turn

%: faith
@: about to teleport, heroic
A: sickness immunity, AC +7, negative energy resistance 1, electricity
resistance, torment resistance 1, petrification resistance, talons 1, sense
surroundings 1, weak 1, MP-powered wands
a: Renounce Religion, Heroism


You were on level 9 of the Dungeon.
You worshipped Okawaru.
Okawaru was most pleased with you.
You visited 2 branches of the dungeon, and saw 10 of its levels.

You collected 361 gold pieces.
You spent 153 gold pieces at shops.


Innate Abilities, Weirdness & Mutations

You are immune to sickness and miasma.
Your stone body is resilient. (AC +7)
You are immune to poison.
You resist negative energy. (rN+)
You are resistant to electric shocks. (rElec)
You are resistant to unholy torment.
You are immune to petrification.
You have sharp toenails.
You passively map a small area around you.
You are weak. (Str -2)
You expend magic power (3 MP) to strengthen your wands.


   Skills:
 - Level 8.2(13.2) Fighting
 + Level 12.2(17.2) Ranged Weapons
 - Level 5.4(10.4) Armour
 - Level 3.0(8.0) Dodging
 - Level 1.1(6.1) Stealth
 - Level 4.6 Invocations


You had 9 spell levels left.
You didn't know any spells.
Your spell library was empty.

Inventory:

Hand Weapons
 b - a +0 arbalest (weapon)
Armour
 c - a +0 pair of boots (worn)
 d - a +0 cloak (worn)
 k - a +0 helmet (worn)
 l - a +2 leather armour of fire resistance
 n - +2 swamp dragon scales (worn)
Jewellery
 g - an amulet of faith (around neck)
Scrolls
 f - a scroll of teleportation
 p - a scroll of identify
Potions
 a - a potion of heal wounds
 e - a potion of magic
 h - a potion of resistance
 i - a potion of might
 j - a potion of mutation
 o - a potion of invisibility {unknown}
 q - a potion of berserk rage {unknown}

Dungeon Overview and Level Annotations

Branches:
Dungeon (9/15)             Temple (1/1) D:4
   Lair: D:8-11         Orc: D:9-12

Altars:
Ashenzari
Dithmenos
Elyvilon
Fedhas
Gozag
Hepliaklqana
Kikubaaqudgha
Makhleb
Nemelex Xobeh
Okawaru
Qazlal
Ru
Sif Muna
Trog
Uskayaw
Vehumet
Wu Jian
Yredelemnul
Zin
The Shining One

Shops:
D:5 [*


Message History

The yak barely misses you. The yak gores you!
You shoot a bolt. The bolt hits the yak!!
The yak is severely wounded.
You hear an angry growl.
The yak gores you!
You shoot a bolt.
The bolt hits the yak but does no damage.
The yak is severely wounded.
The yak gores you.
A black bear comes into view.
7607 ||| INVOKING Heroism.
You gain the combat prowess of a mighty hero.
The yak misses you.
You shoot a bolt. The bolt hits the yak!
The yak is moderately wounded.
The yak gores you!
You shoot a bolt. The bolt hits the yak!!
You kill the yak!
Okawaru accepts your kill.
Your base Ranged Weapons skill increases to level 12!
You shoot a bolt. The bolt hits the yak!
The yak is almost dead.
The yak gores you.
You shoot a bolt. The bolt hits the yak!
You kill the yak!
Okawaru accepts your kill. The wyvern completely misses you.
You shoot a bolt. The bolt hits the wyvern.
The wyvern is lightly wounded.
The wyvern closely misses you.
You shoot a bolt. The bolt hits the wyvern!!
The wyvern is almost dead.
The wyvern bites you!
A bullfrog comes into view.
The wyvern misses you.
7614 ||| READING 2 scrolls of teleportation.
As you read the scroll of teleportation, it crumbles to dust.
You feel strangely unstable. The wyvern bites you! The wyvern bites you.
You die...

...# ############## ,
...# #.........<..# ,
...#####......>.....#*,
, ...'..##.)..........+
, ...##..'............#
, ...#####............#
#### ##########'### * ,
#..# # #@## # * ** #l#
####


,,hYY * , ...# * ..Y.. , ...# , , ......# ...+ .....F.# , ...# ........+ , ...#
,.........# * #### ,, You could see 3 yaks, a black bear, a wyvern and a
bullfrog (wandering).

Vanquished Creatures
  A boulder beetle (D:7)
  Maurice (D:8)
  Joseph (D:8)
  Maggie (D:7)
  Sigmund (D:4)
  A wyvern (D:8)
  2 yaks (D:9)
  A steam dragon (D:6)
  Menkaure (D:7)
  Duvessa (D:5)
  A water moccasin (D:6)
  2 ice beasts
  2 sky beasts
  A black bear (D:5)
  2 ogres (D:5)
  2 centaurs
  A kobold brigand (D:6)
  5 bullfrogs
  A gnoll sergeant (D:5)
  2 scorpions (D:5)
  Dowan (D:5)
  4 howler monkeys
  3 hounds
  8 orc priests
  2 jellies
  Jessica (D:3)
  2 gnoll boudas
  3 iguanas
  Terence (D:3)
  A sleepcap (D:5)
  10 orc wizards
  5 adders
  14 gnolls
  4 white imps (D:7)
  An ufetubus (D:5)
  3 worms
  7 dart slugs
  21 orcs
  7 ball pythons
  7 endoplasms
  5 giant cockroaches
  8 goblins
  7 hobgoblins
  6 jackals
  16 kobolds
  6 quokkas
  6 bats
  2 frilled lizards
  4 rats
195 creatures vanquished.

Notes
Turn   | Place    | Note
-------+----------+-------------------------------------------
     0 | D:1      | qw the Gargoyle Hunter began the quest for the Orb.
     0 | D:1      | Reached XP level 1. HP: 12/12 MP: 1/1
     0 | D:1      | 0 ||| qw: Version: 0.3-a-76-g4403597
     0 | D:1      | 0 ||| qw: Game counter: 46
     0 | D:1      | 0 ||| qw: Melee chars always use a shield: true
     0 | D:1      | 0 ||| qw: God list: Okawaru
     0 | D:1      | 0 ||| qw: Allow faded altars: false
     0 | D:1      | 0 ||| qw: Do Orc after clearing Dungeon:15 true
     0 | D:1      | 0 ||| qw: Do second Lair branch before Depths: true
     0 | D:1      | 0 ||| qw: Lair rune preference: random
     0 | D:1      | 0 ||| qw: Goals: Normal
     0 | D:1      | 0 ||| PLANNING D:1-11
   157 | D:1      | Reached XP level 2. HP: 17/17 MP: 2/2
   189 | D:1      | Found a faded altar of an unknown god.
   374 | D:1      | Reached XP level 3. HP: 21/21 MP: 3/3
   586 | D:1      | Reached skill level 5 in Ranged Weapons
   660 | D:1      | 660 ||| UPGRADING to +0 cloak.
   665 | D:1      | 665 ||| READING scroll labelled WUK XEEVANUIMI.
   666 | D:1      | 666 ||| READING 2 scrolls labelled HIRGHE JOCKA.
   670 | D:1      | 670 ||| DROPPING scroll of butterflies.
   794 | D:2      | Identified the +6 sling of the Lair of Beasts {freeze,
                  | Stlth+}
   796 | D:2      | 796 ||| SWAPPING to +6 sling of the Lair of Beasts {freeze,
                  | Stlth+}.
   797 | D:2      | 797 ||| DROPPING +0 shortbow.
   924 | D:2      | Reached skill level 3 in Fighting
  1035 | D:2      | Reached XP level 4. HP: 28/28 MP: 4/4
  1326 | D:2      | 1326 ||| UPGRADING to +0 helmet.
  1331 | D:2      | 1331 ||| READING scroll labelled VOEHAT LURIMM.
  1332 | D:2      | 1332 ||| READING scroll labelled WIYXIKH WUNN.
  1333 | D:2      | 1333 ||| READING scroll labelled SIUJOQ JUUPN.
  1334 | D:2      | 1334 ||| READING scroll labelled HANOISCH HAPAH.
  1365 | D:3      | Noticed Terence
  1373 | D:3      | Killed Terence
  1374 | D:3      | Reached skill level 1 in Armour
  1530 | D:3      | 1530 ||| Stepping ~*~*~tactically~*~*~ (retreating).
  1531 | D:3      | 1531 ||| Stepping ~*~*~tactically~*~*~ (retreating).
  1533 | D:3      | 1533 ||| Stepping ~*~*~tactically~*~*~ (retreating).
  1534 | D:3      | 1534 ||| Stepping ~*~*~tactically~*~*~ (retreating).
  1540 | D:3      | Reached XP level 5. HP: 25/32 MP: 5/5
  1593 | D:3      | 1593 ||| FLEEEEING.
  1641 | D:3      | Reached skill level 6 in Ranged Weapons
  1677 | D:3      | Reached XP level 6. HP: 38/38 MP: 6/6
  1728 | D:3      | Noticed Jessica
  1733 | D:3      | 1733 ||| Stepping ~*~*~tactically~*~*~ (outnumbered).
  1738 | D:3      | Killed Jessica
  2159 | D:3      | 2159 ||| UPGRADING to +0 ring mail.
  2169 | D:3      | 2169 ||| DROPPING +0 leather armour.
  2170 | D:3      | 2170 ||| READING 3 scrolls labelled JOUKHLO MUZOVU.
  2201 | D:3      | 2201 ||| DROPPING 2 scrolls of torment.
  2253 | D:4      | Found a shimmering blue altar of Sif Muna.
  2261 | D:4      | Found an ancient bone altar of Kikubaaqudgha.
  2268 | D:4      | Found a radiant altar of Vehumet.
  2337 | D:4      | Reached skill level 7 in Ranged Weapons
  2368 | D:4      | Reached XP level 7. HP: 43/43 MP: 7/7
  2516 | D:4      | Noticed Sigmund
  2533 | D:4      | Killed Sigmund
  2629 | D:4      | Found a staircase to the Ecumenical Temple.
  2630 | D:4      | 2630 ||| PLANNING TEMPLE
  2630 | D:4      | 2630 ||| DRINKING 2 puce potions.
  2642 | D:4      | Reached skill level 8 in Ranged Weapons
  2672 | D:4      | 2672 ||| DRINKING 2 fizzy green potions.
  2673 | D:4      | 2673 ||| DROPPING potion of lignification.
  2674 | D:4      | 2674 ||| DROPPING potion of brilliance.
  2683 | Temple   | Entered the Ecumenical Temple
  2684 | Temple   | 2684 ||| PLANNING OKAWARU WORSHIP
  2698 | Temple   | Became a worshipper of Warmaster Okawaru
  2699 | Temple   | 2699 ||| PLANNING D:1-11
  3092 | D:5      | Entered Level 5 of the Dungeon
  3098 | D:5      | Reached XP level 8. HP: 49/49 MP: 8/8
  3134 | D:5      | 3134 ||| Stepping ~*~*~tactically~*~*~ (outnumbered).
  3184 | D:5      | Found a stormy altar of Qazlal.
  3199 | D:5      | Found a blossoming altar of Fedhas.
  3240 | D:5      | Reached * piety under Okawaru
  3241 | D:5      | Reached skill level 9 in Ranged Weapons
  3253 | D:5      | 3253 ||| INVOKING Heroism.
  3300 | D:5      | Reached skill level 1 in Invocations
  3353 | D:5      | Noticed Duvessa
  3353 | D:5      | Noticed Dowan
  3354 | D:5      | 3354 ||| INVOKING Heroism.
  3355 | D:5      | 3355 ||| INVOKING Heroism.
  3362 | D:5      | Killed Duvessa
  3363 | D:5      | Reached skill level 6 in Fighting
  3370 | D:5      | Killed Dowan
  3431 | D:5      | 3431 ||| INVOKING Heroism.
  3514 | D:5      | 3514 ||| INVOKING Heroism.
  3629 | D:5      | Found Qumypn's Assorted Antiques.
  3631 | D:5      | 3631 ||| SWAPPING to +0 orcbow.
  3638 | D:5      | 3638 ||| Stepping ~*~*~tactically~*~*~ (retreating).
  3639 | D:5      | 3639 ||| Stepping ~*~*~tactically~*~*~ (retreating).
  3647 | D:5      | 3647 ||| INVOKING Heroism.
  3654 | D:5      | Reached XP level 9. HP: 36/56 MP: 7/10
  3661 | D:5      | Reached skill level 10 in Ranged Weapons
  3690 | D:5      | 3690 ||| INVOKING Heroism.
  3751 | D:5      | 3751 ||| DROPPING +6 sling of the Lair of Beasts {freeze,
                  | Stlth+}.
  3761 | D:5      | 3761 ||| BUYING scroll labelled NANUIN KAUREZO (32 gold).
  3761 | D:5      | Bought a scroll labelled NANUIN KAUREZO for 32 gold pieces
  3940 | D:5      | Reached skill level 3 in Armour
  3940 | D:5      | 3940 ||| INVOKING Heroism.
  4039 | D:5      | Found Aliacroa's Antique Armour Shop.
  4045 | D:5      | 4045 ||| BUYING pair of boots (121 gold).
  4045 | D:5      | Bought a pair of boots for 121 gold pieces
  4186 | D:5      | 4186 ||| UPGRADING to +0 pair of boots.
  4191 | D:5      | 4191 ||| READING scroll labelled NANUIN KAUREZO.
  4192 | D:5      | 4192 ||| READING scroll labelled TUIVVI FELUMI.
  4244 | D:6      | 4244 ||| STAIRDANCE
  4311 | D:6      | 4311 ||| STAIRDANCE
  4488 | D:6      | 4488 ||| SWAPPING to +0 arbalest.
  4489 | D:6      | 4489 ||| DROPPING +0 orcbow.
  4521 | D:6      | 4521 ||| Stepping ~*~*~tactically~*~*~ (cloud).
  4522 | D:6      | 4522 ||| INVOKING Heroism.
  4530 | D:6      | 4530 ||| Stepping ~*~*~tactically~*~*~ (cloud).
  4531 | D:6      | 4531 ||| Stepping ~*~*~tactically~*~*~ (cloud).
  4673 | D:6      | Found a white marble altar of Elyvilon.
  4817 | D:6      | Found a hazy altar of Hepliaklqana.
  4873 | D:6      | Found a hide-covered altar of Uskayaw.
  4882 | D:6      | Reached skill level 3 in Invocations
  5489 | D:6      | 5489 ||| UPGRADING to amulet of faith.
  5607 | D:7      | 5607 ||| INVOKING Heroism.
  5653 | D:7      | Noticed Maggie
  5664 | D:7      | Killed Maggie
  5751 | D:7      | 5751 ||| INVOKING Heroism.
  5855 | D:7      | Found a sacrificial altar of Ru.
  5876 | D:7      | Noticed a boulder beetle
  5877 | D:7      | 5877 ||| INVOKING Heroism.
  5897 | D:7      | Killed a boulder beetle
  5897 | D:7      | Reached ** piety under Okawaru
  5898 | D:7      | Reached skill level 11 in Ranged Weapons
  5898 | D:7      | Reached XP level 10. HP: 22/63 MP: 13/13
  6298 | D:7      | Found an opulent altar of Gozag.
  6298 | D:7      | Found a sparkling altar of Nemelex Xobeh.
  6301 | D:7      | Reached skill level 3 in Dodging
  6380 | D:7      | Noticed Menkaure
  6381 | D:7      | 6381 ||| INVOKING Heroism.
  6385 | D:7      | Killed Menkaure
  6563 | D:7      | 6563 ||| UPGRADING to +1 ring mail of positive energy.
  6573 | D:7      | 6573 ||| DROPPING +0 ring mail.
  6574 | D:7      | 6574 ||| UPGRADING to +2 swamp dragon scales.
  6584 | D:7      | 6584 ||| DROPPING +1 ring mail of positive energy.
  6585 | D:7      | 6585 ||| DRINKING 2 golden potions.
  6586 | D:7      | 6586 ||| DRINKING 2 purple potions.
  6586 | D:7      | Gained mutation: You are weak. (Str -2) [potion of
                  | mutation]
  6586 | D:7      | Gained mutation: You expend magic power (3 MP) to
                  | strengthen your wands. [potion of mutation]
  6586 | D:7      | Gained mutation: You have sharp toenails. [potion of
                  | mutation]
  6586 | D:7      | Gained mutation: You passively map a small area around you.
                  | [potion of mutation]
  6587 | D:7      | 6587 ||| READING 3 scrolls of identify.
  6587 | D:7      | 6587 ||| IDENTIFYING red potion
  6588 | D:7      | 6588 ||| READING 2 scrolls of identify.
  6588 | D:7      | 6588 ||| IDENTIFYING brown potion
  6778 | D:8      | Noticed Joseph
  6779 | D:8      | 6779 ||| RETREATING.
  6784 | D:8      | 6784 ||| INVOKING Heroism.
  6793 | D:8      | Killed Joseph
  7335 | D:8      | Noticed Maurice
  7349 | D:8      | Killed Maurice
  7349 | D:8      | Reached *** piety under Okawaru
  7392 | D:8      | 7392 ||| INVOKING Heroism.
  7423 | D:8      | Found a glowing golden altar of the Shining One.
  7485 | D:8      | 7485 ||| READING 2 scrolls of identify.
  7485 | D:8      | 7485 ||| IDENTIFYING glowing ruby potion
  7607 | D:9      | 7607 ||| INVOKING Heroism.
  7610 | D:9      | Reached skill level 12 in Ranged Weapons
  7613 | D:9      | HP: 16/64 [wyvern (13)]
  7614 | D:9      | 7614 ||| READING 2 scrolls of teleportation.
  7614 | D:9      | HP: 3/64 [wyvern (13)]
  7614 | D:9      | Slain by a wyvern

Levels and vault maps discovered:
D:1:      dpeg_arrival_connections, layout_loops_cross, basic_ecumenical_altar
D:2:      layout_loops_ring, minmay_stone_trees_medium, st_stairs_1
D:3:      layout_basic, uniq_terence, uniq_jessica
D:4:      layout_loops_ring, palyth_temple_overflow_mages,
          minmay_temple_entry_overgrown, dk_noncrumbling_3, uniq_sigmund
D:5:      layout_basic, grunt_temple_overflow_forces_of_nature, serial_shops,
          shop, shop, hangedman_abyss_or_decor_stagger, uniq_duvessa
D:6:      layout_layer_cave, elyvilon_altar_4, nzn_hepliaklqana_mist_gate,
          nicolae_uskayaw_dance_studio, minmay_misc_feat_nine_boxes,
          kennysheep_small_spiral
D:7:      layout_loops_ring, grunt_temple_overflow_opulence,
          nicolae_ru_great_annihilating_truth, serial_park_tiny_2, uniq_maggie,
          uniq_menkaure
D:8:      layout_basic, nicolae_tso_carved_into_rock, uniq_maurice, uniq_joseph
D:9:      layout_roguey, grunt_lair_entry_orc_guard_hut, grunt_decor_clamped
Temple:   hellmonk_temple_forest_ring

Skill      XL: |  1  2  3  4  5  6  7  8  9 10 |
---------------+-------------------------------+-----
Ranged Weapons | 5 6 7 8 9 11 12 | 12.2
Fighting       | 3 4 5 6 7 8 |  8.2
Armour         | 1 2 3 5 |  5.4
Dodging        | 2 3 |  3.0
Invocations    | 1 4 |  4.6
Stealth        | |  1.1

Action                     |  1- 3 |  4- 6 |  7- 9 | 10-12 || total
---------------------------+-------+-------+-------+-------++-------
   Fire: Shortbow          |    62 |       |       |       ||    62
         Sling             |    21 |   119 |   137 |       ||   277
         Orcbow            |       |       |    87 |       ||    87
         Arbalest          |       |       |   107 |    89 ||   196
 Invoke: Heroism           |       |       |    11 |     4 ||    15
    Use: Scroll            |     2 |     5 |     2 |     4 ||    13
         Potion            |       |       |     2 |     2 ||     4
 Armour: Leather armour    |    11 |    37 |       |       ||    48
         Ring mail         |       |     1 |   131 |    10 ||   142
         Swamp dragon scal |       |       |       |    42 ||    42
  Dodge: Dodged            |    13 |    14 |    95 |    36 ||   158

Table legend:
 A = Non-vault XP
 B = Vault XP
 C = Vault XP percentage of total XP
 D = Non-vault monster count
 E = Vault monster count
 F = Vault count percentage of total count
                 A         B        C        D         E       F
            +---------+---------+-------+---------+---------+-------
      Total |    5389 |    2258 |  29.5 |     168 |      27 |  13.8
            +---------+---------+-------+---------+---------+-------
        D:1 |      40 |       0 |   0.0 |      23 |       0 |   0.0
        D:2 |      56 |       6 |   9.7 |      15 |       2 |  11.8
        D:3 |     250 |      73 |  22.6 |      34 |       2 |   5.6
        D:4 |     376 |     324 |  46.3 |      24 |       4 |  14.3
        D:5 |    1382 |     216 |  13.5 |      30 |       2 |   6.2
        D:6 |     494 |     113 |  18.6 |       5 |       9 |  64.3
        D:7 |    1533 |     588 |  27.7 |      19 |       6 |  24.0
        D:8 |     836 |     938 |  52.9 |      16 |       2 |  11.1
        D:9 |     422 |       0 |   0.0 |       2 |       0 |   0.0
            +---------+---------+-------+---------+---------+-------
